 Dungeon Crawl Stone Soup version 0.32-a0-42-ga30500b4d3 (webtiles) character file.

Game seed: 9513531660262317444

816 Newt the Skirmisher (level 8, -2/51 HPs)
             Began as a Kobold Hunter on Jan 29, 2024.
             Slain by a gnoll sergeant
             ... wielding a +2 trident of protection
              (14 damage)
             ... on level 5 of the Dungeon.
             The game lasted 00:04:19 (4227 turns).

Newt the Skirmisher (Kobold Hunter)                 Turns: 4227, Time: 00:04:19

Health: -2/51      AC:  5    Str: 10    XL:     8   Next: 16%
Magic:  8/8        EV: 14    Int: 11    God:
Gold:   1166       SH:  0    Dex: 20    Spells: 7/7 levels left

rFire   . . .        a - +0 shortbow
rCold   . . .        (shield currently unavailable)
rNeg    + . .        q - +1 leather armour of Curiosity {rPois Str+2}
rPois   +            (no helmet)
rElec   .            (no cloak)
rCorr   .            u - +0 pair of gloves
SInv    .            (no boots)
Will    .....        (no amulet)
Stlth   +++          l - ring of positive energy
HPRegen 0.28/turn    (no ring)
MPRegen 0.11/turn

%: no passive effects
@: no status effects
A: small, no large weapons, nightstalker 3
a: no special abilities


You were on level 5 of the Dungeon.
You visited 1 branch of the dungeon, and saw 5 of its levels.

You collected 1166 gold pieces.

Inventory:

Hand Weapons
 a - a +0 shortbow (weapon)
Armour
 c - a +0 leather armour
 q - the +1 leather armour of Curiosity (worn) {rPois Str+2}
   (You found it on level 4 of the Dungeon)

   Str+2:     It affects your strength (+2).
   rPois:     It protects you from poison
 u - a +0 pair of gloves (worn)
Jewellery
 l - a ring of positive energy (left hand)
Scrolls
 b - a scroll of butterflies
 d - 2 scrolls of fear
 j - a scroll of amnesia
 o - a scroll of fog
 p - a scroll of blinking
 s - a scroll of enchant weapon {unknown}
 t - a scroll of noise {unknown}
 v - a scroll of identify
Potions
 e - a potion of berserk rage
 f - 2 potions of mutation
 g - 2 potions of curing
 h - a potion of degeneration {unknown}
 i - a potion of ambrosia
 k - 2 potions of might
 m - a potion of enlightenment {unknown}
 n - a potion of magic {unknown}
 r - a potion of brilliance {unknown}
 w - a potion of cancellation {unknown}


   Skills:
 + Level 5.8 Fighting
 * Level 10.6 Ranged Weapons
 - Level 2.4 Dodging
 - Level 1.3 Stealth


You had 7 spell levels left.
You didn't know any spells.
Your spell library contained the following spells:

 Spells                   Type           Power      Damage    Failure   Level
 Freeze                   Ice            0%         1d3       43%         1
 Kiss of Death            Conj/Necr      0%         2d5       43%         1
 Confusing Touch          Hex            0%         N/A       82%         3
 Frozen Ramparts          Ice            0%         1d1       82%         3
 Hailstorm                Conj/Ice       0%         3d5       82%         3
 Dispel Undead            Necr           0%         3d6       99%         4
 Iskenderun's Battlesphe  Conj           0%         2d6       100%        5
 Bombard                  Conj/Erth      0%         9d1       100%        6
 Spellforged Servitor     Conj/Summ      0%         N/A       100%        7


Dungeon Overview and Level Annotations

Branches:
Dungeon (5/15)
 Temple: D:4-7

Altars:
Elyvilon

Shops:
D:3 (


Innate Abilities, Weirdness & Mutations

You are small and have problems with some larger weapons.
You are completely attuned to the shadows.


Message History

You shoot an arrow. The gnoll sergeant blocks the arrow.
The gnoll sergeant closely misses you.
You shoot an arrow.
The arrow hits the gnoll sergeant but does no damage.
The gnoll sergeant is lightly wounded.
The gnoll sergeant hits you from afar with a +2 trident of protection.
You shoot an arrow.
The arrow hits the gnoll sergeant but does no damage.
The gnoll sergeant is lightly wounded.
The gnoll sergeant barely misses you.
You shoot an arrow. The arrow hits the gnoll sergeant!
The gnoll sergeant is heavily wounded.
The gnoll sergeant misses you.
Fire: a) +0 shortbow
Press: ? - help, Shift-Dir - straight line, f - gnoll sergeant
Aim: a gnoll sergeant, wielding a +2 trident of protection, wearing a +0 ring mail and wearing a +0 buckler (heavily wounded, 75% to hit)
Unknown command.
You shoot an arrow. The gnoll sergeant blocks the arrow.
The gnoll sergeant hits you from afar with a +2 trident of protection!
You shoot an arrow. The arrow hits the gnoll sergeant.
The gnoll sergeant is heavily wounded.
The gnoll sergeant hits you from afar with a +2 trident of protection!
* * * LOW HITPOINT WARNING * * *
You feel better.
The gnoll sergeant hits you from afar with a +2 trident of protection!
* * * LOW HITPOINT WARNING * * *
You feel better.
The gnoll sergeant hits you from afar with a +2 trident of protection!
* * * LOW HITPOINT WARNING * * *
You shoot an arrow.
The arrow barely misses the gnoll sergeant.
The gnoll sergeant closely misses you.
You shoot an arrow.
The arrow hits the gnoll sergeant but does no damage.
The gnoll sergeant is heavily wounded.
The gnoll sergeant closely misses you.
You shoot an arrow. The arrow hits the gnoll sergeant.
The gnoll sergeant is severely wounded.
The gnoll sergeant hits you from afar with a +2 trident of protection!
You die...

#########
#.#.g.@...#
#.#†###.''#
#.#.###...##
#.#g##≈...≈##
#...#≈.....≈#
###.#≈.....≈#
#.#≈.....≈#
#.##≈...≈##
#.###...##


You could see a gnoll sergeant.

Vanquished Creatures
  An ogre (D:5)
  2 phantoms (D:5)
  A scorpion (D:4)
  2 jellies (D:5)
  2 hounds (D:5)
  2 bombardier beetles
  An iguana (D:5)
  2 orc priests
  Jessica (D:3)
  An orc wizard (D:5)
  3 gnolls (D:5)
  6 adders
  2 white imps (D:5)
  3 dart slugs
  2 ribbon worms
  9 orcs
  10 ball pythons
  6 endoplasms
  2 giant cockroaches
  3 goblins
  8 hobgoblins
  3 jackals (D:5)
  5 quokkas
  6 bats
  6 frilled lizards
  6 kobolds
  4 rats
99 creatures vanquished.

Notes
Turn   | Place    | Note
-------+----------+-------------------------------------------
     0 | D:1      | Newt the Kobold Hunter began the quest for the Orb.
     0 | D:1      | Reached XP level 1. HP: 12/12 MP: 1/1
   107 | D:1      | Reached XP level 2. HP: 16/18 MP: 2/2
   499 | D:1      | Reached skill level 6 in Ranged Weapons
   522 | D:1      | Reached XP level 3. HP: 22/22 MP: 3/3
  1193 | D:2      | Reached XP level 4. HP: 28/28 MP: 4/4
  1448 | D:3      | Identified a scroll of acquirement
  1461 | D:3      | Acquired 911 gold pieces
  1589 | D:3      | Reached skill level 7 in Ranged Weapons
  1589 | D:3      | Reached XP level 5. HP: 25/32 MP: 5/5
  1894 | D:3      | Identified the +1 robe of Enormous Curiosity {rCorr
                  | Archmagi}
  1960 | D:3      | Found Taam's Antique Weapon Shop.
  2057 | D:3      | Noticed Jessica
  2058 | D:3      | Killed Jessica
  2127 | D:4      | Identified the +1 leather armour of Curiosity {rPois Str+2}
  2284 | D:4      | Reached XP level 6. HP: 37/38 MP: 6/6
  2371 | D:4      | Reached skill level 8 in Ranged Weapons
  2555 | D:5      | Entered Level 5 of the Dungeon
  2772 | D:4      | Found a white marble altar of Elyvilon.
  3102 | D:5      | Reached skill level 9 in Ranged Weapons
  3102 | D:5      | Reached XP level 7. HP: 22/44 MP: 7/7
  3446 | D:5      | Reached skill level 5 in Fighting
  3706 | D:5      | Reached skill level 10 in Ranged Weapons
  3878 | D:5      | Reached XP level 8. HP: 20/51 MP: 8/8
  4181 | D:5      | Found Urpho's Antique Weapon Emporium.
  4227 | D:5      | Slain by a gnoll sergeant

Illustrated notes

Levels and vault maps discovered:
D:1:      dpeg_arrival_central, layout_loops_ring
D:2:      layout_basic, grunt_decor_fettered
D:3:      layout_rooms, serial_shops, nicolae_shop_tiny_statue_garden,
          serial_park_tiny_2, corexii_hall_statues_x,
          kennysheep_generic_room_12, uniq_jessica
D:4:      layout_basic, nicolae_elyvilon_peaceful_grove
D:5:      layout_loops_ring, grunt_ministairs_12, kennysheep_windowed_goal

Skill      XL: |  1  2  3  4  5  6  7 |
---------------+----------------------+-----
Ranged Weapons | 6 7 9 10 | 10.6
Fighting       | 3 4 5 |  5.8
Dodging        | |  2.4
Stealth        | |  1.3

Action                     |  1- 3 |  4- 6 |  7- 9 || total
---------------------------+-------+-------+-------++-------
   Fire: Shortbow          |    76 |   178 |   110 ||   364
    Use: Scroll            |       |    10 |     2 ||    12
         Potion            |       |       |     3 ||     3
 Armour: Leather armour    |     6 |    67 |    44 ||   117
  Dodge: Dodged            |    19 |    89 |    43 ||   151

Table legend: (Time is in decaauts)
 A = Elapsed time spent in this place.
 B = Non-inter-level travel time spent in this place.
 C = Inter-level travel time spent in this place.
 D = Time resting spent in this place.
 E = Time spent auto-exploring this place.
 F = Levels seen in this place.
 G = Mean time per level.
                   A        B        C        D        E       F      G
               +--------+--------+--------+--------+--------+-----+--------+
         Total |   4245 |   4133 |    112 |   1055 |   2471 |   5 |  849.0 |
       Dungeon |   4245 |   4133 |    112 |   1055 |   2471 |   5 |  849.0 |
               +--------+--------+--------+--------+--------+-----+--------+

Top non-repeatable levels by time:
     D:5: 1348 daAuts
     D:1: 896 daAuts
     D:4: 755 daAuts
     D:3: 684 daAuts
     D:2: 560 daAuts
